 Dungeon Crawl Stone Soup version 0.23.2-1-ga50397a6bc (webtiles) character file.

Game seed: 2590543142135668391

6111 Gargoyl the Cleaver (level 10, -10/82 (84) HPs)
             Began as a Centaur Abyssal Knight on May 21, 2019.
             Was an Elder of Lugonu.
             Mangled by a spiny frog (19 damage)
             ... on level 1 of the Lair of Beasts on May 22, 2019.
             The game lasted 00:16:07 (12827 turns).

Gargoyl the Cleaver (Centaur Abyssal Knight)       Turns: 12827, Time: 00:16:07

HP:   -10/82 (84)   AC: 14    Str: 16    XL:     10   Next: 58%
MP:   15/15         EV:  9    Int: 13    God:    Lugonu [****..]
Gold: 687           SH:  6    Dex: 11    Spells: 9/9 levels left

rFire    + . .     SeeInvis +   a - +3 hand axe
rCold    . . .     Gourm    .   l - +0 buckler
rNeg     + . .     Faith    .   z - +1 leather armour of Cidot {rF+ SInv}
rPois    +         Spirit   .   o - +0 helmet
rElec    .         Reflect  +   (no cloak)
rCorr    .         Harm     .   (no gloves)
MR       .....                  d - +2 centaur barding
Stlth    +.........             e - +2 amulet of reflection
HPRegen  0.23/turn              k - ring of positive energy
MPRegen  0.14/turn              v - ring of poison resistance

@: very quick
A: large, hooves 3, clever 1, deformed body, speed 2, tough skin 3, wild magic 1
a: Depart the Abyss, Bend Space, Banish, Corrupt, Renounce Religion


You were on level 1 of the Lair of Beasts.
You worshipped Lugonu.
Lugonu was greatly pleased with you.
You were not hungry.

You visited 2 branches of the dungeon, and saw 10 of its levels.
You visited the Abyss 1 time.

You collected 687 gold pieces.

Inventory:

Hand Weapons
 a - a +3 hand axe (weapon)
Armour
 d - a +2 centaur barding (worn)
 l - a +0 buckler (worn)
 o - a +0 helmet (worn)
 z - the +1 leather armour of Cidot (worn) {rF+ SInv}
   (You found it on level 5 of the Dungeon)

   It protects you from fire.
   It lets you see invisible.
Jewellery
 e - a +2 amulet of reflection (around neck)
 k - a ring of positive energy (left hand)
 m - an uncursed ring of flight
 v - a ring of poison resistance (right hand)
 B - the macabre finger necklace {rN+}
   (You found it on level 8 of the Dungeon)

   [amulet of nothing]

   It protects you from negative energy.
Wands
 y - a wand of iceblast (3)
Scrolls
 b - 12 scrolls of teleportation
 q - a scroll of identify
 r - 3 scrolls of amnesia
 t - 3 scrolls of blinking
 x - 2 scrolls of fear
Potions
 f - 2 potions of flight
 g - 2 potions of agility
 h - a potion of experience {unknown}
 i - a potion of heal wounds
 j - 3 potions of brilliance
 n - a potion of ambrosia {unknown}
 p - a potion of mutation
 s - 2 potions of lignification
 u - 5 potions of curing {unknown}
 A - a potion of resistance {unknown}
 C - a potion of invisibility {unknown}
Comestibles
 c - 18 rations


   Skills:
 + Level 6.5 Fighting
 + Level 8.3 Axes
 * Level 5.2 Armour
 * Level 5.0 Dodging
 + Level 2.9 Shields
 * Level 7.2 Invocations


You had 9 spell levels left.
You didn't know any spells.
Your spell library contained the following spells:

 Spells                   Type           Power        Failure   Level  Hunger
 Beastly Appendage        Tmut           #.....       45%         1    ##.....
 Flame Tongue             Conj/Fire      #....        45%         1    ##.....
 Magic Dart               Conj           #...         45%         1    ##.....
 Summon Small Mammal      Summ           #...         45%         1    ##.....
 Call Imp                 Summ           #.......     58%         2    ###....
 Searing Ray              Conj           #.....       58%         2    ###....
 Sticks to Snakes         Tmut           #.......     58%         2    ###....
 Throw Flame              Conj/Fire      #.....       58%         2    ###....
 Call Canine Familiar     Summ           #.......     80%         3    ####...
 Conjure Flame            Conj/Fire      #.......     80%         3    ####...
 Dazzling Spray           Conj/Hex       #.....       80%         3    ####...
 Inner Flame              Hex/Fire       #.......     80%         3    ####...
 Spider Form              Tmut/Pois      #.........   80%         3    ####...
 Summon Guardian Golem    Hex/Summ       #.......     80%         3    ####...
 Force Lance              Conj/Tloc      #.......     99%         4    #####..
 Fulminant Prism          Conj/Hex       #.........   99%         4    #####..
 Ice Form                 Ice/Tmut       #.......     99%         4    #####..
 Iskenderun's Mystic Bla  Conj           #.......     99%         4    #####..
 Sticky Flame             Conj/Fire      #.......     99%         4    #####..
 Summon Ice Beast         Ice/Summ       #.......     99%         4    #####..
 Summon Lightning Spire   Summ/Air       #.......     99%         4    #####..
 Blade Hands              Tmut           #.........   100%        5    ######.
 Fireball                 Conj/Fire      #.........   100%        5    ######.


Dungeon Overview and Level Annotations

Branches:
Dungeon (9/15)             Temple (0/1) D:6            Lair (1/6) D:9
    Orc: D:9-12

Altars:
Elyvilon
Kikubaaqudgha
The Shining One

Shops:
D:5 ?


Innate Abilities, Weirdness & Mutations

You have hooves in place of feet.
Armour fits poorly on your strangely shaped body.
You cover ground very quickly.
You have extremely tough skin. (AC +3)
Your mind is acute. (Int +2)
Your spells are a little harder to cast, but a little more powerful.


Message History

You barely miss the spiny frog. You hit the crocodile.
The spiny frog barely misses you. You block the crocodile's attack.
You hit the spiny frog.
You kick the spiny frog, but do no damage.
The spiny frog is lightly wounded.
You hit the crocodile but do no damage. The spiny frog stings you!!
A crocodile comes into view.
The crocodile bites you!
Unknown command.
You hit the spiny frog. Your kick misses the spiny frog.
The spiny frog is lightly wounded.
You hit the crocodile. The spiny frog stings you!
* * * LOW HITPOINT WARNING * * *
The crocodile bites you.
* * * LOW HITPOINT WARNING * * *
Unknown command.
You closely miss the spiny frog.
The spiny frog is lightly wounded.
You closely miss the crocodile. The spiny frog stings you!!
You die...

#P+ #.# #..### ...#
#.####### ## #+ ..#
#....##.#####.# . ≈..
##.............# ##
≈≈###
########...###........#
.# ≈≈≈≈?
.t....F@.#..#..........
.##≈≈≈#
######t...###.#.......#
...### .
...######.....####.#
.....# .##.#.#
.....###.### ..^.)# .#
#. #P### #...#
#.#..#..# . # ###.#
.......# # ###.# ##
.......# ## ###.#.##P##
..<....# ..#
#...>......


You could see a spiny frog and 2 crocodiles.

Vanquished Creatures
  A black mamba (Lair:1)
  A spiny frog (Lair:1)
  3 hippogriffs
  Sigmund (D:4)
  3 wargs (D:8)
  An orc warrior (D:7)
  A porcupine (Lair:1)
  A black bear (D:8)
  A phantom (D:6)
  An eye of draining (D:9)
  2 ice beasts
  2 necrophages (D:9)
  8 ogres
  4 centaurs
  2 crocodiles (Lair:1)
  2 big kobolds (D:8)
  4 bullfrogs
  2 water moccasin zombies (D:7)
  3 scorpions
  9 killer bees
  2 jellies
  A centaur zombie (D:7)
  A bullfrog zombie (D:6)
  A gnoll shaman (D:7)
  5 orc priests
  A hound (D:6)
  4 orc wizards
  3 iguanas
  7 worker ants
  A hound zombie (D:9)
  2 hound skeletons
  2 worker ant zombies
  Robin (D:2)
  7 gnolls
  6 adders
  A shadow imp (D:8)
  An ooze (D:1)
  An adder zombie (D:5)
  4 worms
  4 dart slugs
  6 leopard geckos
  24 orcs
  2 ball pythons
  7 giant cockroaches
  15 goblins
  7 hobgoblins
  17 jackals
  4 quokkas
  10 bats
  7 frilled lizards
  17 kobolds
  A quokka zombie (D:8)
  8 rats
  A rat zombie (D:7)
233 creatures vanquished.

Vanquished Creatures (others)
  A quokka (D:5)
  A goblin (D:3)
  A kobold (D:3)
3 creatures vanquished.

Grand Total: 236 creatures vanquished

Notes
Turn   | Place    | Note
-------+----------+-------------------------------------------
     0 | Abyss:1  | Gargoyl the Centaur Abyssal Knight began the quest for the
                  | Orb.
     0 | Abyss:1  | Reached XP level 1. HP: 19/19 MP: 2/2
    98 | Abyss:1  | Noticed a rust devil
   130 | Abyss:2  | Noticed a small abomination
   151 | Abyss:2  | Found a corrupted altar of Lugonu.
   177 | Abyss:2  | Noticed a large abomination
   198 | Abyss:3  | Found a stormy altar of Qazlal.
   229 | Abyss:3  | Noticed a chaos spawn
   230 | Abyss:3  | Noticed a chaos spawn
   232 | D:1      | Escaped the Abyss
   526 | D:1      | Reached * piety under Lugonu
   605 | D:1      | Reached XP level 2. HP: 22/26 MP: 3/3
   611 | D:1      | Reached skill level 2 in Axes
   878 | D:1      | Reached skill level 1 in Dodging
  1011 | D:1      | Reached XP level 3. HP: 31/31 MP: 4/4
  1527 | D:2      | Reached ** piety under Lugonu
  1684 | D:2      | Reached XP level 4. HP: 34/38 MP: 4/6
  1727 | D:2      | Noticed Robin
  1738 | D:2      | Killed Robin
  2689 | D:3      | Reached XP level 5. HP: 45/45 MP: 7/7
  2752 | D:3      | Reached skill level 3 in Axes
  3260 | D:3      | Reached *** piety under Lugonu
  3868 | D:4      | Noticed Sigmund
  3887 | D:4      | Killed Sigmund
  3887 | D:4      | Reached skill level 1 in Shields
  3887 | D:4      | Reached XP level 6. HP: 33/51 MP: 8/8
  4056 | D:4      | Found an ancient bone altar of Kikubaaqudgha.
  4334 | D:4      | Noticed a hippogriff
  4350 | D:4      | Killed a hippogriff
  4350 | D:4      | Reached skill level 4 in Axes
  4350 | D:4      | Reached XP level 7. HP: 9/58 MP: 9/9
  4810 | D:5      | Entered Level 5 of the Dungeon
  5006 | D:5      | Got an encrusted leather armour
  5179 | D:5      | Identified the +1 leather armour of Cidot {rF+ SInv} (You
                  | found it on level 5 of the Dungeon)
  5299 | D:5      | Found Zoemuzif's Magic Scroll Emporium.
  5463 | D:5      | Found a white marble altar of Elyvilon.
  5604 | D:5      | Reached XP level 8. HP: 66/66 MP: 11/11
  6378 | D:6      | Reached skill level 5 in Axes
  6732 | D:6      | Reached **** piety under Lugonu
  6738 | D:6      | Reached skill level 5 in Invocations
  6898 | D:6      | Found a staircase to the Ecumenical Temple.
  7759 | D:7      | Gained mutation: Your spells are a little harder to cast,
                  | but a little more powerful. [potion of mutation]
  7759 | D:7      | Gained mutation: Your mind is acute. (Int +2) [potion of
                  | mutation]
  7840 | D:6      | Reached skill level 6 in Axes
  7951 | D:6      | Reached XP level 9. HP: 71/72 MP: 13/13
  8481 | D:7      | Found a glowing golden altar of the Shining One.
  8556 | D:7      | Reached skill level 5 in Fighting
  9037 | D:8      | Reached skill level 7 in Axes
  9481 | D:8      | Found the macabre finger necklace {rN+}
 10500 | D:9      | Reached XP level 10. HP: 65/83 MP: 3/14
 10792 | D:9      | Found a staircase to the Lair.
 10794 | D:9      | Noticed a two-headed ogre
 11079 | D:8      | Banished a two-headed ogre
 11817 | D:9      | Reached skill level 5 in Armour
 11825 | D:9      | Found Wuowago's Jewellery Emporium.
 12004 | D:9      | Reached skill level 8 in Axes
 12173 | Lair:1   | Entered Level 1 of the Lair of Beasts
 12185 | Lair:1   | Noticed a spiny frog
 12202 | Lair:1   | Killed a spiny frog
 12429 | Lair:1   | Noticed a black mamba
 12448 | Lair:1   | Killed a black mamba
 12816 | Lair:1   | Reached skill level 5 in Dodging
 12818 | Lair:1   | Noticed a spiny frog
 12827 | Lair:1   | Mangled by a spiny frog

Skill      XL: |  1  2  3  4  5  6  7  8  9 10 |
---------------+-------------------------------+-----
Axes           | 2 3 4 6 7 8 |  8.3
Dodging        | 1 2 3 4 5 |  5.0
Armour         | 2 3 4 5 |  5.2
Invocations    | 3 4 5 6 7 |  7.2
Shields        | 1 2 |  2.9
Fighting       | 4 5 6 |  6.5

Action                   |  1- 3 |  4- 6 |  7- 9 | 10-12 || total
-------------------------+-------+-------+-------+-------++-------
Melee: Hand axe          |   122 |   191 |   445 |   143 ||   901
       Kick              |    20 |    27 |   117 |    44 ||   208
Invok: Depart the Abyss  |     1 |       |       |       ||     1
       Banish            |       |       |       |     2 ||     2
       Bend Space        |       |       |       |     1 ||     1
Evoke: Wand              |       |       |     3 |     1 ||     4
  Use: Scroll            |     3 |     6 |    13 |     1 ||    23
       Potion            |       |     2 |     2 |       ||     4
  Eat: Chunk             |     2 |     6 |    12 |     3 ||    23
       Ration            |       |       |     2 |     1 ||     3
Armor: Ring mail         |   118 |    67 |       |       ||   185
       Chain mail        |       |   123 |    11 |       ||   134
       Leather armour    |       |       |   207 |    60 ||   267
Dodge: Dodged            |    51 |    37 |   193 |    43 ||   324
Block: Other             |     3 |       |       |       ||     3
       Buckler           |    15 |    65 |   141 |    32 ||   253
       Reflection        |     1 |     4 |     5 |       ||    10
